 Dungeon Crawl Stone Soup version 0.27.1-34-g3ba077fa99 (webtiles) character file.

Game seed: 6561287150661355032

102 Delamore the Sneak (level 4, 0/29 HPs)
             Began as an Octopode Brigand on Feb 2, 2022.
             Slain by an orc (3 damage)
             ... on level 2 of the Dungeon.
             The game lasted 00:02:09 (2225 turns).

Delamore the Sneak (Octopode Brigand)               Turns: 2225, Time: 00:02:10

Health: 0/29       AC:  1    Str: 10    XL:     4   Next: 78%
Magic:  4/4        EV: 12    Int: 13    God:
Gold:   19         SH:  0    Dex: 14    Spells: 3/3 levels left

rFire    . . .     SeeInvis .   a - +2 dagger
rCold    . . .     Faith    .   (no shield)
rNeg     . . .     Spirit   .   (helmet restricted)
rPois    .         Reflect  .   (no amulet)
rElec    .         Harm     .   (no ring)
rCorr    .         Rampage  .   (no ring)
Will     .....                  (no ring)
Stlth    +++++.....             (no ring)
HPRegen  0.09/turn              (no ring)
MPRegen  0.09/turn              (no ring)
                                (no ring)
                                (no ring)

@: no status effects
A: almost no armour, amphibious, 8 rings, camouflage 1, gelatinous body 1,
(nimble swimmer 1), tentacles
a: no special abilities


You were on level 2 of the Dungeon.
You visited 1 branch of the dungeon, and saw 3 of its levels.

You collected 39 gold pieces.
You spent 20 gold pieces at shops.

Inventory:

Hand Weapons
 a - a +2 dagger (weapon)
Missiles
 b - 16 poisoned darts (quivered)
 c - 2 curare-tipped darts
Scrolls
 d - a scroll of holy word
 e - a scroll of blinking
 g - a scroll of noise
 j - a scroll of immolation {unknown}
Potions
 f - a potion of cancellation
 h - a potion of brilliance {unknown}
 i - 2 potions of might {unknown}


   Skills:
 - Level 2.0 Fighting
 + Level 3.1 Short Blades
 - Level 2.0 Throwing
 - Level 1.0 Dodging
 * Level 7.5 Stealth


You had 3 spell levels left.
You didn't know any spells.
Your spell library contained the following spells:

 Spells                   Type           Power      Damage    Failure   Level
 Beastly Appendage        Tmut           0%         N/A       30%         1
 Wereblood                Tmut           0%         N/A       43%         2
 Spider Form              Tmut/Pois      0%         N/A       67%         3


Dungeon Overview and Level Annotations

Branches:
Dungeon (3/15)

Altars:

Shops:
D:2 ?   D:3 !


Innate Abilities, Weirdness & Mutations

You cannot wear most types of armour.
You are amphibious.
You can wear up to eight rings at the same time.
Your skin changes colour to match your surroundings (Stealth+).
Your rubbery body absorbs attacks. (AC +1, EV +1)
((You are camouflaged near water. (Stealth+)))
You have tentacles for arms and can constrict up to eight enemies at once.


Message History

You closely miss the orc. You grab the orc.
You constrict the orc, but do no damage.
The orc closely misses you.
You hit the orc but do no damage.
You constrict the orc, but do no damage.
The orc hits you with a +0 hand axe.
An orc comes into view. It is wielding a +0 hand axe.
The orc shouts!
You hit the orc. You squeeze the orc, but do no damage.
The orc is lightly wounded.
You constrict the orc, but do no damage.
The orc barely misses you.
You hit the orc but do no damage. You squeeze the orc, but do no damage.
The orc is lightly wounded.
You constrict the orc, but do no damage.
The orc hits you with a +0 hand axe!
An orc comes into view. It is wielding a +0 hand axe.
You are too injured to fight recklessly!
You are too injured to fight recklessly!
You are too injured to fight recklessly!
You are too injured to fight recklessly!
You are too injured to fight recklessly!
You are too injured to fight recklessly!
You are too injured to fight recklessly!
There are monsters nearby!
You release your grip on the orc.
There is a stone staircase leading up here.
The orc barely misses you.
You climb upwards.
There is a stone staircase leading down here.
You barely miss the orc. You grab the orc. You squeeze the orc.
The orc is heavily wounded.
You constrict the orc, but do no damage.
The orc hits you with a +0 hand axe!
* * * LOW HITPOINT WARNING * * *
You hit the orc.
The orc is almost dead.
You constrict the orc, but do no damage.
The orc hits you with a +0 hand axe.
You die...

#.....# #.##.## #.....## #.##..##
#......####### #.###..#
#............# #.# ##.#
#..#.........# #.# #.###
#...........># ##.####...##
#.#..........####..#.>.##...
#####.##.....).....##.#.........
##.............o@................
#.................#..............
..................####...........
................<.####.#.........
.......................##....#...
.......................###...##..
........................#....##..
.................................
#..(.............................


You could see an orc.

Vanquished Creatures
  4 adders
  3 gnolls (D:3)
  A dart slug (D:3)
  2 orcs (D:3)
  6 bats
  An endoplasm (D:1)
  2 giant cockroaches
  5 goblins
  2 hobgoblins
  A kobold (D:1)
  A quokka (D:1)
  3 ball pythons
  3 frilled lizards
  5 rats
39 creatures vanquished.

Notes
Turn   | Place    | Note
-------+----------+-------------------------------------------
     0 | D:1      | Delamore the Octopode Brigand began the quest for the Orb.
     0 | D:1      | Reached XP level 1. HP: 14/14 MP: 1/1
   163 | D:1      | Reached XP level 2. HP: 19/19 MP: 2/2
   329 | D:1      | Reached skill level 6 in Stealth
   925 | D:2      | Reached XP level 3. HP: 19/24 MP: 3/3
  1282 | D:2      | Found Mahy's Magic Scroll Boutique.
  1291 | D:2      | Bought a scroll of identify for 20 gold pieces
  1548 | D:3      | Reached XP level 4. HP: 29/29 MP: 4/4
  1565 | D:3      | Reached skill level 7 in Stealth
  1611 | D:3      | Found Duneam's Distillery.
  2225 | D:2      | Slain by an orc

Illustrated notes

Levels and vault maps discovered:
D:1:      minmay_arrival_jagged, layout_basic, minmay_misc_feat_nine_boxes
D:2:      layout_rooms, serial_shops, shop, minmay_misc_feat_pillars
D:3:      layout_loops_ring, serial_shops, nicolae_shop_trees,
          minmay_crystal_room

Skill      XL: |  1  2  3  4 |
---------------+-------------+-----
Stealth        | 6 7 |  7.5
Short Blades   | 3 |  3.1
Fighting       | |  2.0
Throwing       | |  2.0
Dodging        | |  1.0

Action                   |  1- 3 |  4- 6 || total
-------------------------+-------+-------++-------
Melee: Dagger            |    52 |    29 ||    81
       Constrict         |    14 |    10 ||    24
       Tentacles         |     8 |     9 ||    17
  Use: Scroll            |     4 |       ||     4
 Stab: Sleeping          |     9 |     1 ||    10
Armor: Skin              |     6 |     6 ||    12
Dodge: Dodged            |    23 |    19 ||    42
